Cogmind - Beta 14 *** ADVENTURER MODE // 2024.10.26 @ 06:55:50 Player: Elmgren Result: Destroyed by G-34 Mercenary with Small Laser Performance ------------- Evolutions (0) 0 Regions Visited (1) 200 Robots Destroyed (0) 0 Value Destroyed (0) 0 Prototype IDs (0) 0 Alien Tech Used (0) 0 Bonus (0) 0 TOTAL SCORE: 200 Bonus ------- None Cogmind --------- Core Integrity 0/250 Matter 300/300 Energy 100/100 System Corruption 4% Temperature Cool (6) Movement Flying (120) Ox1 Location -10/Materials Parts ------- > --- POWER (1) -------- (None) > --- PROPULSION (2) --- Flight Unit Flight Unit > --- UTILITY (2) ------ Small Storage Unit > --- WEAPON (2) ------- (None) > --- INVENTORY (8) ---- Wheel Wheel Compact Wheel Peak State ------------ > --- POWER ------------ Light Ion Engine > --- PROPULSION ------- Wheel Compact Wheel > --- UTILITY ---------- Small Storage Unit > --- WEAPON ----------- EM Pulse Gun EM Pulse Gun > --- INVENTORY -------- (None) [Rating: 6] Favorites ----------- Power Light Ion Engine Engine Light Ion Engine Propulsion Flight Unit Wheel Wheel Flight Unit Flight Unit Utility Small Storage Unit Storage Small Storage Unit Weapon EM Pulse Gun Energy Gun EM Pulse Gun Build | -11 -10 ------- Run | Yrd Mat Slots Evolved . | . . Power . | . . Propulsion . | . . Utility . | . . Weapon . | . . Parts Attached 10 | 6 4 Power 2 | 1 1 Engine 2 | 1 1 Core . | . . Reactor . | . . Propulsion 4 | 2 2 Treads . | . . Leg . | . . Wheel 2 | 2 . Hover . | . . Flight 2 | . 2 Utility 1 | 1 . Device . | . . Storage 1 | 1 . Processor . | . . Hackware . | . . Protection . | . . Artifact . | . . Weapon 3 | 2 1 Energy Gun 3 | 2 1 Energy Cannon . | . . Ballistic Gun . | . . Ballistic Cannon . | . . Launcher . | . . Special Weapon . | . . Impact Weapon . | . . Slashing Weapon . | . . Piercing Weapon . | . . Special Melee Weapon . | . . Unidentified Prototypes . | . . Parts Lost 6 | . 6 Power 1 | . 1 Propulsion 2 | . 2 Utility . | . . Weapon 3 | . 3 Highest Loss Streak 4 | . 4 To Critical Strikes . | . . Average Slot Usage (%) 69 | . 69 Engine 13 | . 13 Wheel 12 | . 12 Flight 13 | . 13 Storage 14 | . 14 Energy Gun 15 | . 15 Peak Build Rating 6 | 6 6 Average Rating 4 | 4 4 On Entrance 3 | . 6 Naked Turns . | . . Heaviest Build 12 | 12 12 Greatest Support 26 | 26 26 Greatest Overweight (x) 2 | . 2 Average Overweight (x) . | . . Largest Inventory Capacity 8 | 8 8 Average Capacity 7 | 7 8 Most Carried 3 | . 3 Average Carried . | . . Final Capacity 8 | 8 8 Final Carried 3 | . 3 Class Distribution -------------------- 100% | Mutant Dominant Class ---------------- Mutant | -10/Materials Resources | -11 -10 ----------- Run | Yrd Mat Matter Collected 270 | 209 61 Remotely . | . . Salvage Created . | . . Parts . | . . Haulers Intercepted . | . . Recyclers Shooed . | . . Parts Field Recycled . | . . Retrieved Matter . | . . Parts Self-Destructed . | . . Prevented . | . . Kills | -11 -10 ------- Run | Yrd Mat Combat Hostiles Destroyed . | . . Classes Destroyed . | . . Best Kill Streak . | . . Combat Bots Only . | . . Max Kills in Single Turn . | . . Gunslinging . | . . Exploded . | . . Melee . | . . Uniques/NPCs Destroyed . | . . Combat | -11 -10 -------- Run | Yrd Mat Hostile Shots Fired 88 | . 88 Missed 26 | . 26 Damage Taken 546 | . 546 Core 250 | . 250 Absorbed by Shields . | . . Ignored by Resistances 167 | . 167 Core Remaining (%) 100 | 100 . Volleys Fired . | . . Largest . | . . Hottest . | . . Shots Fired . | . . Gun . | . . Cannon . | . . Launcher . | . . Special . | . . Kinetic . | . . Thermal . | . . Explosive . | . . Electromagnetic . | . . Robot Hit Streak . | . . Robot Miss Streak . | . . Penetration Max . | . . Secondary Targets . | . . Shots Hit Robots . | . . Core Hits 3 | . 3 Critical Kills . | . . Critical Parts Destroyed . | . . Critical Strikes . | . . Melee Attacks . | . . Impact . | . . Slashing . | . . Piercing . | . . Sneak Attacks . | . . Combat Hostiles . | . . Follow-up Attacks . | . . Damage Inflicted 35 | . 35 Guns . | . . Cannons . | . . Explosions . | . . Melee . | . . Ramming 35 | . 35 Kinetic . | . . Thermal . | . . Explosive . | . . Electromagnetic . | . . Impact . | . . Slashing . | . . Piercing . | . . Highest Corruption 4 | . 4 Average Corruption 3 | . 3 Corruption Purged . | . . Corruption Blocked . | . . Overload Shots . | . . Overflow Damage . | . . Projectiles . | . . Explosions . | . . Melee . | . . Knockbacks . | . . Impact . | . . Kinetic . | . . Secondary . | . . Self-Inflicted Damage 13 | . 13 Shots . | . . Rammed 16 | . 16 Targets Rammed 16 | . 16 Kicked . | . . Crushed . | . . Highest Temperature . | . . Average Temperature . | . . Received Heat Transfer 180 | . 180 Siege Activations . | . . Robots Corrupted . | . . Combat Hostiles . | . . Parts Fried . | . . Impact Corruptions . | . . Robots Melted . | . . Combat Hostiles . | . . Parts Melted . | . . Heat Transferred . | . . Parts Sabotaged . | . . Parts Stolen . | . . Parts Stripped . | . . Power Chain Reactions . | . . Alert | -11 -10 ------- Run | Yrd Mat Peak Influence 50 | . 50 Initial . | . . Average 22 | . 26 Maximum Alert Level . | . . Low Security (%) 100 | 100 100 Level 1 . | . . Level 2 . | . . Level 3 . | . . Level 4 . | . . Level 5 . | . . High Security . | . . Max Security . | . . Squads Dispatched 1 | . 1 Investigation 1 | . 1 Extermination . | . . Reinforcement . | . . Assault . | . . Garrison . | . . Intercept . | . . Searches Triggered . | . . Construction Impeded . | . . Haulers Reinforced . | . . Active Scanning Responses . | . . Cargo Convoy Interrupts . | . . Stealth | -11 -10 --------- Run | Yrd Mat Distress Signals 1 | . 1 Communications Jammed . | . . Distress Signals . | . . Times Spotted 15 | . 15 Peak Tracking Total 5 | . 5 Tactical Retreats 3 | . 3 Traps | -11 -10 ------- Run | Yrd Mat Traps Triggered 1 | . 1 Indirectly . | . . Trap Hack Attempts . | . . Triggered . | . . Disarmed . | . . Reprogrammed . | . . Reused . | . . Traps Extracted . | . . Installed . | . . Triggered . | . . Machines | -11 -10 ---------- Run | Yrd Mat Machines Disabled . | . . Max in Single Turn . | . . Machines Repaired . | . . Machines Dismantled . | . . Machines Sabotaged . | . . Overloaded Fab Kills . | . . Hacking | -11 -10 --------- Run | Yrd Mat Machines Accessed 1 | . 1 Terminals 1 | . 1 Fabricators . | . . Repair Stations . | . . Recycling Units . | . . Scanalyzers . | . . Garrison Access . | . . Total Hacks 4 | . 4 Successful 4 | . 4 Failed . | . . Catastrophic . | . . Database Lockouts . | . . Manual . | . . Terminals 4 | . 4 Fabricators . | . . Repair Stations . | . . Recycling Units . | . . Scanalyzers . | . . Garrison Access . | . . Terminal Hacks 4 | . 4 Record 1 | . 1 Alert Level 3 | . 3 Fabricator Hacks . | . . Repair Station Hacks . | . . Recycling Unit Hacks . | . . Scanalyzer . | . . Garrison Access Hacks . | . . Unauthorized Hacks . | . . Terminals . | . . Fabricators . | . . Repair Stations . | . . Recycling Units . | . . Scanalyzers . | . . Garrison Access . | . . Data Cores Recovered . | . . Used . | . . Hacking Detections 1 | . 1 Full Trace Events 1 | . 1 Feedback Events . | . . Feedback Blocked . | . . Robot Schematics Acquired . | . . Robots Built . | . . Authchips . | . . Time . | . . Total Robot Build Rating . | . . Part Schematics Acquired . | . . Parts Built . | . . Authchips . | . . Time . | . . Total Part Build Rating . | . . Parts Repaired . | . . Time . | . . Parts Recycled . | . . Recycled Matter . | . . Retrieved Matter . | . . Retrieved Components . | . . Parts Scanalyzed . | . . Part Schematics Acquired . | . . Parts Damaged . | . . Bothacking | -11 -10 ------------ Run | Yrd Mat Used RIF Installer . | . . Robots Hacked . | . . Non-combat . | . . Combat . | . . Robot Hacks Applied . | . . Relay Couplers Released . | . . Fabnet Peak Effective % . | . . Robots Rewired . | . . Allies Hacked . | . . Hacks Repelled . | . . Allies | -11 -10 -------- Run | Yrd Mat Total Allies . | . . Largest Group . | . . Highest-Rated Group . | . . Highest-Rated Ally . | . . Total Orders . | . . Ally Attacks . | . . Total Damage . | . . Kills . | . . Allies Corrupted . | . . Allies Melted . | . . Intel | -11 -10 ------- Run | Yrd Mat Robot Analysis Total . | . . Derelict Logs Recovered . | . . Drone Launches . | . . Drone Recoveries . | . . Exploration | -11 -10 ------------- Run | Yrd Mat Turns Passed 352 | 46 306 Spaces Moved 391 | 43 348 Core 18 | 3 15 Treads . | . . Legs . | . . Wheels 172 | 40 132 Hover . | . . Flight 201 | . 201 Fastest Speed 37 | 50 37 Average Speed 80 | 87 79 Slowest Speed 150 | 100 150 Overloaded Moves . | . . Propulsion Burnouts . | . . Robots Hopped 2 | . 2 Cave-ins Triggered . | . . Exploration Rate (%) 19 | 3 35 Regions Visited 1 Branch Regions . Pre-discovered Areas . | . . Known Exits Taken . | . . Unknown Exits Taken 1 | 1 . Scrap Searched . | . . Spaces Dug . | . . Terrain Destroyed . | . . Melee . | . . Projectile . | . . AOE . | . . Terrain Rammed . | . . Walls Destroyed . | . . Machines Disabled . | . . Actions | -11 -10 --------- Run | Yrd Mat Total 422 | 48 374 Wait . | . . Move 386 | 42 344 Hop 2 | . 2 Pick Up 7 | . 7 Fast Attach 6 | 6 . Attach 3 | . 3 Detach . | . . Swap 1 | . 1 Drop 1 | . 1 Fire . | . . Melee . | . . Ram 16 | . 16 Kick . | . . Crush . | . . Escape Stasis . | . . Rewire . | . . Trap . | . . Miscellaneous . | . . Route ------- -11/Scrapyard -10/Materials (discovered 1 exit: [*Mat]) History --------- Turn | Location | Event 18 | -11/Scrapyard | Discovered new exit (range 16) 47 | -11/Scrapyard | Entered Materials 194 | -10/Materials | Core integrity fell below 50% 218 | -10/Materials | Lost 4 parts (2n2w) 245 | -10/Materials | Discovered new exit (range 5) 309 | -10/Materials | Build established: Mutant 336 | -10/Materials | Core integrity fell below 20% 353 | -10/Materials | Destroyed by G-34 Mercenary with Small Laser Last Messages --------------- An explosion rips through the floor. U-05 Engineer destroyed. Acquired Wheel. Acquired 10 matter. W-16 Scout distress signal alerts nearby ally. K-01 Serf collects debris. R-06 Scavenger collects Structural Scanner. K-01 Serf collects debris. R-06 Scavenger collects Welding Torch. Slammed into G-34 Mercenary. Flight Unit broken. Destabilizing: Short circuit. EM Pulse Gun destroyed. Slammed into G-34 Mercenary. Lgt. Ion Engine destroyed. System corrupted by crushing effect (+3). Slammed into G-34 Mercenary. Destabilizing: System corrupted (+1). Slammed into G-34 Mercenary. [Achievement: First Step to Greatness] Map ----- +----------------------------------------------------+ | ???????????????????????????######## ####??? | | ???????????????????????????#! # #?????? | | ???????????????????????????# # ####### | | ???????????????????????????# """ + # # | | ????????????????????????#### """ # # !# | | ????????????????????????# + """ [# # # | | ????????????????????????# ## # # """ # | | ????????????????????????# ######### # """ # | | ??????????????????????###/######??# + """ # | | ??????????????????????# #??# # # | | ??????????????????????# """ #?## ####### | | ??????????????????????# """"" #?# #????? | | ??????????????????????# """"" #?# #????? | | ??????????????????????# """"" #?# ###### | | ????????????????#?????# """ #?# ## | | ????????????????# ????# #?# # # | | ????????? ????# ???# #?### ### # | | ????????? ????# ??# #???# # [ # | | ????????? ????# ######/####???# ## % | | ????????? ????# #???# # # | | ????????? ????# < #???# ##%= [ | | ????????? ????# #???# ## % | | ????????? ????######### ########## # """%[ | | ????????? ????????????# ## # + """ # | | ????????? ????????????#g## # # """ # | | ?????????# #????????????#@## # # # | | ?????????# #????????????#%## # # # | | ?????????# #????######??#%## # # # | | ?????????# #????# #??#%## # + ! # | | ?????????# #????#"" !#??# ## # ####### | | ????????##/######"T #### ## # #?????? | | ????????# ! ##"" # #### # #?????? | | ????????# ## + a g | | #?????? | | ????????#!!! ## # % #?????? | | ????????#!!! ## # #### " #?????? | | ????????#!!! ## ######??## T #?????? | | ######??# ## #????????# " #?????? | | #######+######+########### #?????? | | # #?????? | | """ # ##########+## + """?? | | """ # #????????? # # """?? | | """ + ########### #????????? # #?""??? | | """ # #?????????# #????????? ####?? ?? | | """ # #?????????# #????????? !?????????? | | # #?????????# #????????? ?????????? | | #####?????????# #?????????! ?????????? | | ######?????????????+ #?????????##?????????? | | ???????????????????# #????????????????????? | | ???????????????????# #????????????????????? | | ???????????????????# #????????????????????? | +----------------------------------------------------+ Best States ------------- Heat Dissipation 25 Energy Generation 10 Energy Capacity 125 Matter Stores 300 Matter Capacity 300 Sight Range 16 Terrain Scan Density 10 Resistance: KI 20 Resistance: TH 20 Resistance: EX 20 Resistance: EM 20 Resistance: I 20 Resistance: S 20 Resistance: P 20 Evasion (%) 62 Offensive Hacking 10 Item Schematics ----------------- None Robot Schematics ------------------ None Fabricated ------------ Nothing Alien Tech Used ----------------- None Achievements -------------- First Step to Greatness Challenges ------------ None Game ------ Seed LinkedMomentumCyclogen Manual? 0 Play Time 00:07:46 Cumulative 1.5 hours Start 2024.10.26 @ 06:48:06 End 2024.10.26 @ 06:55:50 Sessions 1 Manual Loads 0 Difficulty Adventurer Special Mode None Game No. 6 Rogue 3 Adventurer 2 Explorer 1 Win Type - Total 0 Types 0/0/0/0/0/0/0/0/0 Lore% 0 Gallery% 3 Achievement% 3 Wizard Run 0 Options --------- Layout 1 ASCII 0 Keyboard 0 Movement Numpad Keybinds 0 Fullscreen 1 Font 32/SmallcapsGlow Map View 38x17 Zoom Use 53% Tactical HUD 0 Map Filters NONE Filters NONE Steam 1 RUN: c10fd087-91ca-4b7b-88ef-4654b5b34c15